 Dungeon Crawl Stone Soup version 0.27.1-33-g824d729ab1 (webtiles) character file.

Game seed: 113371220431626735

145 DearestLeader the Thaumaturge (level 5, -8/60 HPs)
             Began as a Gnoll Wanderer on Dec 10, 2021.
             Killed from afar by an orc wizard (10 damage)
             ... with a puff of flame
             ... on level 3 of the Dungeon.
             The game lasted 00:04:38 (2777 turns).

DearestLeader the Thaumaturge (Gnoll Wanderer)      Turns: 2777, Time: 00:04:40

Health: -8/60      AC:  4    Str: 13    XL:     5   Next: 27%
Magic:  16/16      EV: 11    Int: 13    God:
Gold:   159        SH:  0    Dex:  9    Spells: 21/22 levels left

rFire    . . .     SeeInvis .   a - +2 dagger
rCold    . . .     Faith    .   (no shield)
rNeg     . . .     Spirit   .   h - +0 leather armour
rPois    .         Reflect  .   (no helmet)
rElec    .         Harm     .   (no cloak)
rCorr    .         Rampage  .   (no gloves)
Will     .....                  i - +0 pair of boots
Stlth    ..........             (no amulet)
HPRegen  0.20/turn              (no ring)
MPRegen  0.15/turn              (no ring)

@: confused, berserking (expiring), very quick
A: fangs 1, strong nose, distributed training
a: no special abilities


You were on level 3 of the Dungeon.
You visited 1 branch of the dungeon, and saw 3 of its levels.

You collected 159 gold pieces.

Inventory:

Hand Weapons
 a - a +2 dagger (weapon)
 c - a +0 hand axe
Missiles
 m - 4 atropa-tipped darts (quivered)
Armour
 d - a +0 robe
 h - a +0 leather armour (worn)
 i - a +0 pair of boots (worn)
Scrolls
 f - a scroll of magic mapping {unknown}
 g - 2 scrolls of identify {unknown}
 p - a scroll of vulnerability {unknown}
Potions
 e - 3 potions of haste {unknown}
 k - 2 potions of lignification {unknown}
 l - a potion of curing {unknown}
 n - a potion of magic {unknown}
 o - a potion of degeneration {unknown}


   Skills:
 + Level 2.9 Fighting
 + Level 1.4 Short Blades
 + Level 1.4 Long Blades
 + Level 2.9 Axes
 + Level 1.4 Maces & Flails
 + Level 1.4 Polearms
 + Level 1.4 Staves
 + Level 1.4 Slings
 + Level 1.4 Bows
 + Level 1.4 Crossbows
 + Level 2.9 Throwing
 + Level 2.9 Armour
 + Level 1.4 Dodging
 + Level 2.7 Stealth
 + Level 1.4 Shields
 + Level 1.4 Unarmed Combat
 + Level 9.4 Spellcasting
 + Level 1.1 Conjurations
 + Level 1.1 Hexes
 + Level 1.1 Summonings
 + Level 1.1 Necromancy
 + Level 1.1 Translocations
 + Level 1.1 Transmutations
 + Level 1.1 Fire Magic
 + Level 1.1 Ice Magic
 + Level 1.1 Air Magic
 + Level 2.3 Earth Magic
 + Level 1.1 Poison Magic
 + Level 1.6 Invocations
 + Level 1.4 Evocations


You had 21 spell levels left.
You knew the following spells:

 Your Spells              Type           Power      Damage    Failure   Level
a - Apportation           Tloc           18%        N/A       10%         1

Your spell library contained the following spells:

 Spells                   Type           Power      Damage    Failure   Level
 Blink                    Tloc           N/A        N/A       14%         2
 Lesser Beckoning         Tloc           4%         N/A       28%         3
 Portal Projectile        Hex/Tloc       18%        N/A       28%         3
 Manifold Assault         Tloc           9%         N/A       95%         5


Dungeon Overview and Level Annotations

Branches:
Dungeon (3/15)

Altars:

Shops:
D:1 *


Innate Abilities, Weirdness & Mutations

You have very sharp teeth.
Your uncanny sense of smell can sniff out nearby items.
Your experience applies equally to all skills.


Message History

You hit something. You bite something. Something hits you but does no damage.
You hit something. Something hits you.
* * * LOW HITPOINT WARNING * * *
You completely miss something. You hit something.
Something hits you but does no damage.
Throw: dart (poison)
Press: ? - help, Q - select action, (/) - cycle Shift-Dir - straight line, f/p - orc
Aim: an orc, wielding a +0 hand axe (moderately wounded, very poisoned, 56% to hit)
You throw a poisoned dart. The poisoned dart hits the orc.
The orc looks even sicker.
The orc is moderately wounded.
You hear some strange, mumbled words.
You are confused.
You hit something but do no damage.
You hear some strange, mumbled words.
A magic dart appears from out of thin air!
The magic dart hits you.
* * * LOW HITPOINT WARNING * * *
A red film seems to cover your vision as you go berserk!
You feel yourself moving faster!
You feel mighty!
You kill the orc!
Something hits you but does no damage.
You completely miss something. Something hits you but does no damage.
You bump into the rock wall.
You bump into the rock wall.
You feel a strong urge to attack something.
Something hits you.
* * * LOW HITPOINT WARNING * * *
You miss something.
You hear some strange, mumbled words.
A puff of flame appears from out of thin air!
The puff of flame hits you!
* * * LOW HITPOINT WARNING * * *
You bump into the rock wall.
You bump into the rock wall.
You feel a strong urge to attack something.
You hear some strange, mumbled words.
A puff of flame appears from out of thin air!
The puff of flame hits you!
You die...

#...##......#
##..#.......#
#..#.......#
##.#.......#
#>#.......#
#.......#
#o.....^#
#{####### #@#
#####.#######
#.......[)..#
#......####.#
#......# #.#
#......#
#.#####
#......#
#.....#####
#......#
#####.#...#
########
#.#)#.#


You could see an orc.

Vanquished Creatures
  Jessica (D:2)
  A bullfrog skeleton (D:3)
  4 adders
  A worm (D:2)
  2 dart slugs (D:2)
  7 orcs
  6 ball pythons
  4 bats
  2 endoplasms
  3 giant cockroaches
  3 hobgoblins
  2 jackals (D:1)
  3 kobolds
  4 frilled lizards
  A rat (D:1)
44 creatures vanquished.

Notes
Turn   | Place    | Note
-------+----------+-------------------------------------------
     0 | D:1      | Reached skill level 9 in Spellcasting
     0 | D:1      | DearestLeader the Gnoll Wanderer began the quest for the
                  | Orb.
     0 | D:1      | DearestLeader set off with the following items: a +2
                  | dagger, a potion of berserk rage, a +0 hand axe, a +0 robe;
                  | and the following spell memorised: Apportation; and the
                  | following spells available to memorise: Portal Projectile
     0 | D:1      | Reached XP level 1. HP: 17/17 MP: 10/10
   344 | D:1      | Reached XP level 2. HP: 21/23 MP: 12/12
   468 | D:1      | Found a faded altar of an unknown god.
   544 | D:1      | Found Qetodai's General Store.
  1020 | D:2      | Reached XP level 3. HP: 24/28 MP: 13/13
  1422 | D:2      | Reached skill level 1 in Invocations
  1507 | D:2      | Noticed Jessica
  1518 | D:2      | Killed Jessica
  1519 | D:2      | Reached skill level 1 in Short Blades
  1519 | D:2      | Reached skill level 1 in Long Blades
  1519 | D:2      | Reached skill level 1 in Maces & Flails
  1519 | D:2      | Reached skill level 1 in Polearms
  1519 | D:2      | Reached skill level 1 in Staves
  1519 | D:2      | Reached skill level 1 in Slings
  1519 | D:2      | Reached skill level 1 in Bows
  1519 | D:2      | Reached skill level 1 in Crossbows
  1519 | D:2      | Reached skill level 1 in Dodging
  1519 | D:2      | Reached skill level 1 in Shields
  1519 | D:2      | Reached skill level 1 in Unarmed Combat
  1519 | D:2      | Reached skill level 1 in Evocations
  1519 | D:2      | Reached XP level 4. HP: 34/34 MP: 15/15
  1947 | D:2      | Reached skill level 1 in Conjurations
  1947 | D:2      | Reached skill level 1 in Hexes
  1947 | D:2      | Reached skill level 1 in Summonings
  1947 | D:2      | Reached skill level 1 in Necromancy
  1947 | D:2      | Reached skill level 1 in Translocations
  1947 | D:2      | Reached skill level 1 in Transmutations
  1947 | D:2      | Reached skill level 1 in Fire Magic
  1947 | D:2      | Reached skill level 1 in Ice Magic
  1947 | D:2      | Reached skill level 1 in Air Magic
  1947 | D:2      | Reached skill level 1 in Poison Magic
  2661 | D:3      | Reached XP level 5. HP: 40/40 MP: 16/16
  2775 | D:3      | HP: 2/60 [something/puff of flame (10)]
  2777 | D:3      | Killed from afar by an orc wizard

Illustrated notes

Levels and vault maps discovered:
D:1:      psy_arrival_dodecagon, layout_loops_cross,
          shapermc_ecumenical_altar_notcrosses, serial_shops,
          nicolae_lakefront_shop
D:2:      layout_loops_ring, nicolae_underground_beach, uniq_jessica
D:3:      layout_basic, mainiacjoe_overflow_paths, lexackson_kobold_supper

Skill      XL: |  1  2  3  4 |
---------------+-------------+-----
Spellcasting   | |  9.4
Earth Magic    | 2 |  2.3
Invocations    | 1 |  1.6
Short Blades   | 1 |  1.4
Long Blades    | 1 |  1.4
Maces & Flails | 1 |  1.4
Polearms       | 1 |  1.4
Staves         | 1 |  1.4
Slings         | 1 |  1.4
Bows           | 1 |  1.4
Crossbows      | 1 |  1.4
Dodging        | 1 |  1.4
Shields        | 1 |  1.4
Unarmed Combat | 1 |  1.4
Evocations     | 1 |  1.4
Conjurations   | 1 |  1.1
Hexes          | 1 |  1.1
Summonings     | 1 |  1.1
Necromancy     | 1 |  1.1
Translocations | 1 |  1.1
Transmutations | 1 |  1.1
Fire Magic     | 1 |  1.1
Ice Magic      | 1 |  1.1
Air Magic      | 1 |  1.1
Poison Magic   | 1 |  1.1
Fighting       | |  2.9
Axes           | |  2.9
Throwing       | |  2.9
Armour         | |  2.9
Stealth        | |  2.7

Action                   |  1- 3 |  4- 6 || total
-------------------------+-------+-------++-------
Melee: Dagger            |    97 |   101 ||   198
       Bite              |     5 |    10 ||    15
Throw: Dart              |     8 |    13 ||    21
  Use: Potion            |       |     1 ||     1
 Stab: Sleeping          |     3 |     1 ||     4
Armor: Robe              |     9 |       ||     9
       Leather armour    |    23 |    16 ||    39
Dodge: Dodged            |    57 |    53 ||   110
